 Dungeon Crawl Stone Soup version 0.23.2-30-g0e89c35649 (webtiles) character file.

Game seed: 8550287701007927317

104 Kairos the Chopper (level 4, -1/42 HPs)
             Began as a Deep Dwarf Monk on June 11, 2019.
             Killed from afar by Sigmund (8 damage)
             ... with a puff of flame
             ... on level 3 of the Dungeon.
             The game lasted 00:04:17 (2130 turns).

Kairos the Chopper (Deep Dwarf Monk)                Turns: 2130, Time: 00:04:18

Health: -1/42      AC:  6    Str: 15    XL:     4   Next: 52%
Magic:  3/3        EV: 10    Int: 11    God:
Gold:   117        SH: 11    Dex: 15    Spells: 3/3 levels left

rFire    . . .     SeeInvis .   a - +0 hand axe
rCold    . . .     Gourm    .   e - +2 buckler
rNeg     . . .     Faith    .   d - +0 scale mail
rPois    .         Spirit   .   (no helmet)
rElec    .         Reflect  +   (no cloak)
rCorr    .         Harm     .   (no gloves)
MR       .....                  (no boots)
Stlth    +.........             g - +5 amulet of reflection
HPRegen  0.00/turn              (no ring)
MPRegen  0.08/turn              (no ring)

@: non-regenerating
A: damage resistance, heal wounds, sense surroundings 1, no regeneration
a: Heal Wounds


You were on level 3 of the Dungeon.
You were hungry.

You visited 1 branch of the dungeon, and saw 3 of its levels.

You collected 117 gold pieces.

Inventory:

Hand Weapons
 a - a +0 hand axe (weapon)
 p - a -3 hand axe
Armour
 b - a +0 robe
 d - a +0 scale mail (worn)
 e - a +2 buckler (worn)
Jewellery
 g - a +5 amulet of reflection (around neck)
Scrolls
 f - 2 scrolls of amnesia
 m - 2 scrolls of identify
 o - a scroll of teleportation
Potions
 h - 2 potions of heal wounds
 i - a potion of flight
 j - a potion of haste
 k - a potion of magic {unknown}
 l - a potion of cancellation {unknown}
 n - 2 potions of curing {unknown}
Comestibles
 c - 7 rations
 q - 3 chunks of flesh


   Skills:
 + Level 3.1 Fighting
 + Level 4.3 Axes
 + Level 1.0 Armour
 + Level 3.8 Dodging
 + Level 2.8 Stealth
 + Level 1.7 Shields


You had 3 spell levels left.
You didn't know any spells.
Your spell library was empty.

Dungeon Overview and Level Annotations

Branches:
Dungeon (3/15)

Altars:

Annotations:
D:3 Sigmund


Innate Abilities, Weirdness & Mutations

You are resistant to damage.
You can heal yourself by infusing magical energy.
You passively map a small area around you.
You do not regenerate.


Message History

You hit something. You completely miss something. Something hits you!
You are too injured to fight recklessly!
You are too injured to fight recklessly!
You are too injured to fight recklessly!
You are too injured to fight recklessly!
You are too injured to fight recklessly!
You are too injured to fight recklessly!
You are too injured to fight recklessly!
You are too injured to fight recklessly!
You are too injured to fight recklessly!
You are too injured to fight recklessly!
Something hits you.
You are feeling hungry.
A puff of flame appears from out of thin air!
The puff of flame hits you!
* * * LOW HITPOINT WARNING * * *
A puff of flame appears from out of thin air!
The puff of flame hits you!
You die...

#... * #... * ##.* .#######
...b.b.# ,* * .#####.# , #.#
** * * #.#################
#....b.....@......##########
#################...........
############


You could see a bat.

Vanquished Creatures
  3 gnolls (D:1)
  2 adders (D:2)
  3 worms
  A leopard gecko (D:3)
  A ball python (D:2)
  4 goblins
  9 hobgoblins
  6 kobolds
  2 quokkas (D:2)
  9 bats
  4 frilled lizards
  6 rats
50 creatures vanquished.

Notes
Turn   | Place    | Note
-------+----------+-------------------------------------------
     0 | D:1      | Kairos the Deep Dwarf Monk began the quest for the Orb.
     0 | D:1      | Reached XP level 1. HP: 20/20 MP: 1/1
   234 | D:1      | Reached XP level 2. HP: 27/27 MP: 2/2
   916 | D:2      | Noticed a phantom
  1029 | D:2      | Reached XP level 3. HP: 18/33 MP: 3/3
  1043 | D:2      | HP: 1/33 [phantom (6)]
  1075 | D:1      | Reached skill level 4 in Axes
  1096 | D:1      | Reached skill level 1 in Shields
  1228 | D:2      | Reached XP level 4. HP: 34/42 MP: 3/3
  1643 | D:2      | Reached skill level 1 in Armour
  2096 | D:3      | Noticed Sigmund
  2130 | D:3      | Killed from afar by Sigmund

Skill      XL: |  1  2  3  4 |
---------------+-------------+-----
Axes           | 4 |  4.3
Fighting       | 3 |  3.1
Shields        | 1 |  1.7
Armour         | 1 |  1.0
Dodging        | |  3.8
Stealth        | |  2.8

Action                   |  1- 3 |  4- 6 || total
-------------------------+-------+-------++-------
Melee: Hand axe          |   184 |   117 ||   301
 Abil: Heal Wounds       |     5 |     1 ||     6
  Use: Scroll            |     3 |     3 ||     6
 Stab: Sleeping          |     2 |       ||     2
  Eat: Chunk             |     1 |     3 ||     4
Armor: Robe              |    33 |       ||    33
       Scale mail        |    12 |    11 ||    23
Dodge: Dodged            |    92 |    39 ||   131
Block: Buckler           |    86 |    48 ||   134
       Reflection        |       |     1 ||     1
